| TOP OF THE 1ST |
|
Hagerstown Suns batting - Pitching for Lakewood BlueClaws : RHP Jeff Dailey
|
|
Pitching: RHP Jeff Dailey
|
|
|
Batting: LHB Ben Montgomery
|
0-0: Ground out U3 (Groundball, 3, EV 109.4 MPH)
|
|
Batting: LHB Rich Hannus
|
0-0: Ball 1-0: Called Strike 1-1: Ball 2-1: Swinging Strike 2-2: Foul Ball, location: 2F 2-2: Ball 3-2: Foul Ball, location: 2F 3-2: TRIPLE (Line Drive, 89XD, EV 110.6 MPH)
|
|
Batting: RHB Kevin Wick
|
0-0: Called Strike 0-1: Called Strike 0-2: Ball 1-2: Ball 2-2: Strikes out swinging
|
|
Batting: LHB Yoshiya Kurokawa
|
0-0: Foul Ball, location: 2F 0-1: Called Strike 0-2: Foul Ball, location: 2F 0-2: Foul Ball, location: 2F 0-2: Foul Ball, location: 2F 0-2: Ball 1-2: Fly out, F7 (Flyball, 7, EV 89.4 MPH)
|
| Top of the 1st over - 0 runs, 1 hit, 0 errors, 1 left on base; Hagerstown 0 - Lakewood 0 |
| BOTTOM OF THE 1ST |
|
Lakewood BlueClaws batting - Pitching for Hagerstown Suns : RHP Alpha Miller
|
|
Pitching: RHP Alpha Miller
|
|
|
Batting: LHB Osamu Kubo
|
0-0: Ball 1-0: DOUBLE (Line Drive, 7LM, EV 93.8 MPH)
|
|
Batting: RHB Alberto Ramirez
|
0-0: Foul Ball, location: 2F 0-1: Called Strike 0-2: Ball 1-2: Ground out 6-3 (Groundball, 56D, EV 77.5 MPH)
|
|
Batting: SHB Bob Dixon
|
0-0: Ground out 4-3 (Groundball, 4, EV 90.6 MPH) Osamu Kubo to third
|
|
Batting: LHB Jose Carlos
|
0-0: Ball 1-0: DOUBLE (Flyball, 89XD, EV 100.6 MPH) Osamu Kubo scores
|
|
Batting: RHB Victor Arroyo
|
0-0: Called Strike 0-1: Swinging Strike 0-2: Foul Ball, location: 2F 0-2: Ball 1-2: Foul Ball, location: 2F 1-2: Ball 2-2: Ball 3-2: Fly out, F8 (Flyball, 8RD, EV 91.9 MPH)
|
| Bottom of the 1st over - 1 run, 2 hits, 0 errors, 1 left on base; Hagerstown 0 - Lakewood 1 |
| TOP OF THE 2ND |
|
Hagerstown Suns batting - Pitching for Lakewood BlueClaws : RHP Jeff Dailey
|
|
Batting: LHB Adam Jacobs
|
0-0: Called Strike 0-1: Ball 1-1: Ball 2-1: Ball 3-1: Called Strike 3-2: Base on Balls
|
|
Batting: RHB Justin Slifka
|
0-0: Called Strike 0-1: Called Strike 0-2: Ball 1-2: Ball 2-2: Ball 3-2: TRIPLE (Line Drive, 78XD, EV 101.9 MPH) Adam Jacobs scores
|
|
Batting: RHB Joe Young
|
0-0: Ball 1-0: Foul Ball, location: 2F 1-1: Called Strike 1-2: Fly out, F7 (Line Drive, 7, EV 84.4 MPH) Runner from 3rd tags up, OUT at HOME! 7-2
|
|
Batting: RHB Bobby Dieter
|
0-0: Ball 1-0: Ball 2-0: Called Strike 2-1: Ball 3-1: Foul Ball, location: 2F 3-2: Strikes out looking
|
| Top of the 2nd over - 1 run, 1 hit, 0 errors, 0 left on base; Hagerstown 1 - Lakewood 1 |
| BOTTOM OF THE 2ND |
|
Lakewood BlueClaws batting - Pitching for Hagerstown Suns : RHP Alpha Miller
|
|
Batting: RHB Roberto Ruiz
|
0-0: Swinging Strike 0-1: Swinging Strike 0-2: Ball 1-2: Foul Ball, location: 2F 1-2: Ball 2-2: Strikes out swinging
|
|
Batting: RHB Kyle Morse
|
0-0: Ball 1-0: Foul Ball, location: 2F 1-1: Swinging Strike 1-2: Foul Ball, location: 2F 1-2: Foul Ball, location: 2F 1-2: Ball 2-2: Strikes out looking
|
|
Batting: SHB Mike Rueth
|
0-0: Ball 1-0: Swinging Strike 1-1: Ball 2-1: Ground out 4-3 (Groundball, 4M, EV 80.6 MPH)
|
| Bottom of the 2nd over - 0 runs, 0 hits, 0 errors, 0 left on base; Hagerstown 1 - Lakewood 1 |
| TOP OF THE 3RD |
|
Hagerstown Suns batting - Pitching for Lakewood BlueClaws : RHP Jeff Dailey
|
|
Batting: RHB Scott Skoglund
|
0-0: Foul Ball, location: 2F 0-1: Swinging Strike 0-2: Ball 1-2: Ball 2-2: Strikes out swinging
|
|
Batting: LHB Ben Montgomery
|
0-0: DOUBLE (Line Drive, 78D, EV 106.2 MPH)
|
|
Batting: LHB Rich Hannus
|
0-0: Ball 1-0: SINGLE (Line Drive, 7S, EV 91.2 MPH) Ben Montgomery to third
|
|
Batting: RHB Kevin Wick
|
0-0: Ball Rich Hannus is caught stealing 2nd base 2-4 1-0: Ball 2-0: Called Strike 2-1: Called Strike 2-2: Foul Ball, location: 2F 2-2: Ball 3-2: Strikes out looking
|
| Top of the 3rd over - 0 runs, 2 hits, 0 errors, 1 left on base; Hagerstown 1 - Lakewood 1 |
| BOTTOM OF THE 3RD |
|
Lakewood BlueClaws batting - Pitching for Hagerstown Suns : RHP Alpha Miller
|
|
Batting: RHB Steve Jones
|
0-0: Foul Ball, location: 2F 0-1: Ground out 4-3 (Groundball, 4, EV 94.4 MPH)
|
|
Batting: LHB Osamu Kubo
|
0-0: Swinging Strike 0-1: Ball 1-1: Foul Ball, location: 2F 1-2: Ball 2-2: Strikes out looking
|
|
Batting: RHB Alberto Ramirez
|
0-0: Ball 1-0: Ball 2-0: Ball 3-0: Base on Balls
|
|
Batting: SHB Bob Dixon
|
0-0: Ball 1-0: Foul Ball, location: 2F 1-1: Fly out, F5 (Popup, 5L, EV 61.9 MPH)
|
| Bottom of the 3rd over - 0 runs, 0 hits, 0 errors, 1 left on base; Hagerstown 1 - Lakewood 1 |
| TOP OF THE 4TH |
|
Hagerstown Suns batting - Pitching for Lakewood BlueClaws : RHP Jeff Dailey
|
|
Batting: LHB Yoshiya Kurokawa
|
0-0: Called Strike 0-1: Fly out, F6 (Popup, 6MD, EV 48.1 MPH)
|
|
Batting: LHB Adam Jacobs
|
0-0: Ball 1-0: Foul Ball, location: 2F 1-1: Ball 2-1: Ball 3-1: Base on Balls
|
|
Batting: RHB Justin Slifka
|
0-0: Called Strike 0-1: Ball 1-1: Ball 2-1: Swinging Strike 2-2: Strikes out swinging
|
|
Batting: RHB Joe Young
|
0-0: Ground out 4-3 (Groundball, 4, EV 102.5 MPH)
|
| Top of the 4th over - 0 runs, 0 hits, 0 errors, 1 left on base; Hagerstown 1 - Lakewood 1 |
| BOTTOM OF THE 4TH |
|
Lakewood BlueClaws batting - Pitching for Hagerstown Suns : RHP Alpha Miller
|
|
Batting: LHB Jose Carlos
|
0-0: Called Strike 0-1: Called Strike 0-2: Ball 1-2: Strikes out swinging
|
|
Batting: RHB Victor Arroyo
|
0-0: Ball 1-0: Swinging Strike 1-1: Foul Ball, location: 2F 1-2: Strikes out swinging
|
|
Batting: RHB Roberto Ruiz
|
0-0: Called Strike 0-1: Hit by Pitch
|
|
Batting: RHB Kyle Morse
|
0-0: Called Strike 0-1: Foul Ball, location: 2F 0-2: Ball 1-2: Fielders Choice at 2nd, 4-6 (Groundball, 4MD, EV 83.1 MPH)
|
| Bottom of the 4th over - 0 runs, 0 hits, 0 errors, 1 left on base; Hagerstown 1 - Lakewood 1 |
| TOP OF THE 5TH |
|
Hagerstown Suns batting - Pitching for Lakewood BlueClaws : RHP Jeff Dailey
|
|
Batting: RHB Bobby Dieter
|
0-0: Ball 1-0: Ball 2-0: Foul Ball, location: 2F 2-1: SINGLE (Line Drive, 9S, EV 100.0 MPH)
|
|
Batting: RHB Scott Skoglund
|
0-0: Ball 1-0: Swinging Strike 1-1: Foul Ball, location: 2F 1-2: Strikes out swinging
|
|
Batting: LHB Ben Montgomery
|
0-0: Called Strike 0-1: Foul Ball, location: 2F 0-2: Ball 1-2: Ball Wild Pitch! Bobby Dieter to second 2-2: Strikes out swinging
|
|
Batting: LHB Rich Hannus
|
0-0: Swinging Strike 0-1: Ball 1-1: Swinging Strike 1-2: Ball 2-2: Foul Ball, location: 2F 2-2: Strikes out swinging
|
| Top of the 5th over - 0 runs, 1 hit, 0 errors, 1 left on base; Hagerstown 1 - Lakewood 1 |
| BOTTOM OF THE 5TH |
|
Lakewood BlueClaws batting - Pitching for Hagerstown Suns : RHP Alpha Miller
|
|
Batting: SHB Mike Rueth
|
0-0: Ball 1-0: SOLO HOME RUN (Flyball, 9D, EV 105.0 MPH), Distance : 394 ft
|
|
Batting: RHB Steve Jones
|
0-0: Called Strike 0-1: Called Strike 0-2: Strikes out swinging
|
|
Batting: LHB Osamu Kubo
|
0-0: Called Strike 0-1: Ball 1-1: Fly out, F9 (Flyball, 9S, EV 87.5 MPH)
|
|
Batting: RHB Alberto Ramirez
|
0-0: Swinging Strike 0-1: Fly out, F9 (Line Drive, 9, EV 97.5 MPH)
|
| Bottom of the 5th over - 1 run, 1 hit, 0 errors, 0 left on base; Hagerstown 1 - Lakewood 2 |
| TOP OF THE 6TH |
|
Hagerstown Suns batting - Pitching for Lakewood BlueClaws : RHP Jeff Dailey
|
|
Batting: RHB Kevin Wick
|
0-0: Ground out 6-3 (Groundball, 6, EV 81.2 MPH)
|
|
Batting: LHB Yoshiya Kurokawa
|
0-0: Ball 1-0: Ball 2-0: Called Strike 2-1: Called Strike 2-2: Strikes out looking
|
|
Batting: LHB Adam Jacobs
|
0-0: Called Strike 0-1: Ball 1-1: Called Strike 1-2: Foul Ball, location: 2F 1-2: Ball 2-2: Foul Ball, location: 2F 2-2: Foul Ball, location: 2F 2-2: Strikes out looking
|
| Top of the 6th over - 0 runs, 0 hits, 0 errors, 0 left on base; Hagerstown 1 - Lakewood 2 |
| BOTTOM OF THE 6TH |
|
Lakewood BlueClaws batting - Pitching for Hagerstown Suns : RHP Alpha Miller
|
|
Batting: SHB Bob Dixon
|
0-0: Ball 1-0: Called Strike 1-1: Foul Ball, location: 2F 1-2: Foul Ball, location: 2F 1-2: Strikes out looking
|
|
Batting: LHB Jose Carlos
|
0-0: Ball 1-0: Ball 2-0: Ball 3-0: Base on Balls
|
|
Batting: RHB Victor Arroyo
|
0-0: Ball Jose Carlos steals 2nd base 1-0: Ball 2-0: Foul Ball, location: 2F 2-1: Ball 3-1: Called Strike 3-2: Base on Balls
|
|
Batting: RHB Roberto Ruiz
|
0-0: Ball 1-0: Foul Ball, location: 2F 1-1: Called Strike 1-2: Ball 2-2: Ball 3-2: Foul Ball, location: 2F 3-2: Strikes out swinging
|
|
Batting: RHB Kyle Morse
|
0-0: Foul Ball, location: 2F 0-1: Swinging Strike 0-2: Strikes out looking
|
| Bottom of the 6th over - 0 runs, 0 hits, 0 errors, 2 left on base; Hagerstown 1 - Lakewood 2 |
| TOP OF THE 7TH |
|
Hagerstown Suns batting - Pitching for Lakewood BlueClaws : RHP Jeff Dailey
|
|
Pitching: RHP Derek Ziolkowski
|
|
|
Batting: RHB Justin Slifka
|
0-0: Foul Ball, location: 2F 0-1: Ball 1-1: Ball 2-1: Foul Ball, location: 2F 2-2: Ball 3-2: Strikes out swinging
|
|
Batting: RHB Joe Young
|
0-0: Ball 1-0: Ball 2-0: Swinging Strike 2-1: Called Strike 2-2: Strikes out swinging
|
|
Batting: RHB Bobby Dieter
|
0-0: Called Strike 0-1: Foul Ball, location: 2F 0-2: Strikes out looking
|
| Top of the 7th over - 0 runs, 0 hits, 0 errors, 0 left on base; Hagerstown 1 - Lakewood 2 |
| BOTTOM OF THE 7TH |
|
Lakewood BlueClaws batting - Pitching for Hagerstown Suns : RHP Alpha Miller
|
|
Pitching: RHP Gilberto Ricalde
|
|
|
Batting: SHB Mike Rueth
|
0-0: Swinging Strike 0-1: Ball 1-1: Swinging Strike 1-2: Ball 2-2: Strikes out swinging
|
|
Batting: RHB Steve Jones
|
0-0: Fly out, F8 (Flyball, 8RD, EV 91.9 MPH)
|
|
Batting: LHB Osamu Kubo
|
0-0: Ball 1-0: Swinging Strike 1-1: Fly out, F8 (Line Drive, 8LM, EV 92.5 MPH)
|
| Bottom of the 7th over - 0 runs, 0 hits, 0 errors, 0 left on base; Hagerstown 1 - Lakewood 2 |
| TOP OF THE 8TH |
|
Hagerstown Suns batting - Pitching for Lakewood BlueClaws : RHP Derek Ziolkowski
|
|
Now at 2B: Pablo Lopez
|
|
|
Batting: RHB Scott Skoglund
|
0-0: Called Strike 0-1: Ball 1-1: Ball 2-1: DOUBLE (Flyball, 89D, EV 104.4 MPH)
|
|
Batting: LHB Ben Montgomery
|
0-0: Foul Ball, location: 2F 0-1: Foul Ball, location: 2F 0-2: Strikes out swinging
|
|
Batting: LHB Rich Hannus
|
0-0: Ball 1-0: Fly out, F8 (Flyball, 89M, EV 65.6 MPH)
|
|
Batting: RHB Kevin Wick
|
0-0: Ball 1-0: Ball 2-0: Foul Ball, location: 2F 2-1: Foul Ball, location: 2F 2-2: Fly out, F5 (Popup, 5F, EV 61.9 MPH)
|
| Top of the 8th over - 0 runs, 1 hit, 0 errors, 1 left on base; Hagerstown 1 - Lakewood 2 |
| BOTTOM OF THE 8TH |
|
Lakewood BlueClaws batting - Pitching for Hagerstown Suns : RHP Gilberto Ricalde
|
|
Pitching: RHP Roy Walker
|
|
|
Batting: RHB Alberto Ramirez
|
0-0: Ball 1-0: Ball 2-0: Foul Ball, location: 2F 2-1: Called Strike 2-2: SINGLE (Groundball, 3S, EV 73.8 MPH) (infield hit)
|
|
Batting: SHB Bob Dixon
|
0-0: TRIPLE (Line Drive, 9LD, EV 107.5 MPH) Alberto Ramirez scores
|
|
Batting: LHB Jose Carlos
|
0-0: Foul Ball, location: 2F 0-1: Swinging Strike 0-2: Ball 1-2: Ball 2-2: Ball 3-2: Base on Balls
|
|
Batting: RHB Victor Arroyo
|
0-0: Called Strike 0-1: Fly out, F8 (Line Drive, 8RM, EV 93.1 MPH) Runner from 3rd tags up, OUT at HOME! 8-2 Jose Carlos to second
|
|
Batting: RHB Pablo Lopez
|
0-0: Ball 1-0: Called Strike 1-1: Ball 2-1: Swinging Strike 2-2: Ball 3-2: Fly out, F6 (Popup, 15, EV 91.2 MPH)
|
| Bottom of the 8th over - 1 run, 2 hits, 0 errors, 1 left on base; Hagerstown 1 - Lakewood 3 |
| TOP OF THE 9TH |
|
Hagerstown Suns batting - Pitching for Lakewood BlueClaws : RHP Derek Ziolkowski
|
|
Pitching: RHP Chris Lee
|
|
|
Now at 1B: Danny Krug
|
|
|
Batting: LHB Yoshiya Kurokawa
|
0-0: Swinging Strike 0-1: Foul Ball, location: 2F 0-2: Ball 1-2: Foul Ball, location: 2F 1-2: Ball 2-2: Ball 3-2: Foul Ball, location: 2F 3-2: Strikes out looking
|
|
Batting: LHB Adam Jacobs
|
0-0: Ball 1-0: Called Strike 1-1: Called Strike 1-2: Foul Ball, location: 2F 1-2: Ball 2-2: Ball 3-2: Base on Balls
|
|
Batting: RHB Justin Slifka
|
0-0: Called Strike 0-1: Swinging Strike 0-2: Foul Ball, location: 2F 0-2: Ball 1-2: Ball 2-2: Ball 3-2: SINGLE (Line Drive, 3D, EV 97.5 MPH) Adam Jacobs to second
|
|
Batting: RHB Joe Young
|
0-0: Ball 1-0: Called Strike 1-1: Called Strike 1-2: Strikes out swinging
|
|
Batting: RHB Bobby Dieter
|
0-0: Ball 1-0: Foul Ball, location: 2F 1-1: Fly out, F7 (Line Drive, 7, EV 96.2 MPH)
|
| Top of the 9th over - 0 runs, 1 hit, 0 errors, 2 left on base; Hagerstown 1 - Lakewood 3 |
|